 Dungeon Crawl Stone Soup version 0.23.2-30-g0e89c35649 (webtiles) character file.

Game seed: 16987948101877142655

3321 Masnef the Gouger (level 9, -3/40 HPs)
             Began as a Felid Enchanter on June 24, 2019.
             Was a Follower of Sif Muna.
             Slain by a cyan ugly thing (12 damage)
             ... on level 11 of the Dungeon.
             The game lasted 00:27:33 (11271 turns).

Masnef the Gouger (Felid Enchanter)                Turns: 11271, Time: 00:27:33

Health: -3/40      AC:  2    Str: 10    XL:     9   Next: 71%
Magic:  5/14       EV: 25    Int: 19    God:    Sif Muna [*.....]
Gold:   472        SH:  0    Dex: 19    Spells: 1/14 levels left
                                        Lives:  0   Deaths: 2

rFire    . . .     SeeInvis +     - Unarmed
rCold    . . .     Gourm    .   (shield unavailable)
rNeg     . . .     Faith    .   (armour unavailable)
rPois    .         Spirit   .   (helmet unavailable)
rElec    .         Reflect  .   (cloak unavailable)
rCorr    .         Harm     .   (gloves unavailable)
MR       +....                  (boots unavailable)
Stlth    ++++......             (no amulet)
HPRegen  0.13/turn              f - +6 ring of strength
MPRegen  0.14/turn              u - +2 ring of dexterity

@: divine energy, quick
A: very small, no armour, no weapons or thrown items, stealth, claws 1, fangs 3,
see invisible, carnivore, speed 1, shaggy fur 2, slow metabolism 1, sharp paws
a: Stop Divine Energy, Renounce Religion


You were on level 11 of the Dungeon.
You worshipped Sif Muna.
Sif Muna was aware of your devotion.
You were very full.

You visited 2 branches of the dungeon, and saw 12 of its levels.

You collected 472 gold pieces.

Inventory:

Jewellery
 f - a +6 ring of strength (left paw)
 j - an uncursed ring of wizardry
 o - an uncursed ring of poison resistance
 p - an uncursed ring of stealth
 r - a +3 ring of intelligence
 s - an uncursed ring of protection from fire
 u - a +2 ring of dexterity (right paw)
Wands
 l - a wand of polymorph (8)
 w - a wand of digging (3)
Scrolls
 d - 7 scrolls of remove curse
 k - 3 scrolls of teleportation
 n - a scroll of blinking
 q - 2 scrolls of identify
Potions
 a - 2 potions of might {unknown}
 c - 2 potions of heal wounds {unknown}
 e - 4 potions of curing
 g - a potion of ambrosia {unknown}
 h - 5 potions of degeneration {unknown}
 i - 3 potions of flight {unknown}
 m - 2 potions of lignification {unknown}
 t - a potion of cancellation {unknown}
 v - a potion of resistance {unknown}
Comestibles
 b - 15 rations
 x - 3 chunks of flesh


   Skills:
 * Level 5.5 Fighting
 * Level 8.7 Dodging
 - Level 6.4 Stealth
 * Level 11.8 Unarmed Combat
 - Level 3.0 Spellcasting
 - Level 1.0 Conjurations
 - Level 6.0 Hexes


You had one spell level left.
You knew the following spells:

 Your Spells              Type           Power        Failure   Level  Hunger
a - Corona                Hex            ####...      1%          1    None
b - Ensorcelled Hibernat  Hex/Ice        ##....       7%          2    ##.....
c - Confuse               Hex            ####....     3%          3    ###....
d - Dazzling Spray        Conj/Hex       ###...       11%         3    ###....
e - Cause Fear            Hex            ####......   13%         4    ####...

Your spell library contained the following spells:

 Spells                   Type           Power        Failure   Level  Hunger
 Slow                     Hex            ####....     1%          2    ##.....
 Tukima's Dance           Hex            ####....     3%          3    ###....
 Inner Flame              Hex/Fire       ##......     13%         3    ###....
 Leda's Liquefaction      Hex/Erth       ##........   41%         4    ####...
 Portal Projectile        Hex/Tloc       Unusable     N/A         3    N/A

Dungeon Overview and Level Annotations

Branches:
Dungeon (12/15)            Temple (1/1) D:7
   Lair: D:8-11         Orc: D:9-12

Altars:
Cheibriados
Hepliaklqana
Kikubaaqudgha
Okawaru
Sif Muna
Trog
Vehumet
Xom
Yredelemnul
Zin
Beogh

Shops:
D:8 [

Annotations:
D:3 ogre in transp


Innate Abilities, Weirdness & Mutations

You cannot wear armour.
You are incapable of wielding weapons or throwing items.
Your paws allow you to move quietly. (Stealth)
You have sharp claws.
You have razor-sharp teeth.
You have supernaturally acute eyesight. (SInv)
You are carnivorous and can eat meat at any time.
You cover ground quickly.
You are covered in thick fur. (AC +2)
You have a slow metabolism.
Your sharp claws are effective at attacking unaware monsters.


Message History

Confirm with . or Enter, or press ? or * to list all spells.
You don't know that spell.
Casting: Ensorcelled Hibernation (safe; 7% risk of failure)
Confirm with . or Enter, or press ? or * to list all spells.
Aiming: Ensorcelled Hibernation (safe; 7% risk of failure)
Press: ? - help, Shift-Dir - straight line, f/p - cyan ugly thing
Aim: a cyan ugly thing (chance to defeat MR: 28%)
The cyan ugly thing easily resists.
There is an open door here.
Your magical contamination has completely faded away.
Casting: Ensorcelled Hibernation (safe; 7% risk of failure)
Confirm with . or Enter, or press ? or * to list all spells.
Aiming: Ensorcelled Hibernation (safe; 7% risk of failure)
Press: ? - help, Shift-Dir - straight line, f/p - cyan ugly thing
Aim: a cyan ugly thing (chance to defeat MR: 28%)
The cyan ugly thing easily resists.
The cyan ugly thing headbutts you!
* * * LOW HITPOINT WARNING * * *
The cyan ugly thing shocks you!
You die...

####### #.....#
#.....#
########.....#
######......'.....#
.......######.....#
######## #.....#
#..u..# ####@##
###.# #...#
####'######
#.........#
#...>.....#
#.........#
#.........#
#.........#


You could see a cyan ugly thing.

Vanquished Creatures
  Pikel (D:8)
  A manticore (D:12)
  A centaur zombie (D:12)
  Maurice (D:8)
  Joseph (D:8)
  A spriggan (D:7)
  4 yaks (D:9)
  3 ice beasts
  2 slaves
  4 orc warriors
  The ghost of vuolankoinen the Shield-Bearer, an amateur DDFi (D:3)
  A black bear (D:6)
  2 sky beasts
  7 ogres
  A centaur (D:6)
  4 bullfrogs
  A wyvern skeleton (D:12)
  6 wights
  A howler monkey (D:8)
  A crimson imp (D:9)
  A quasit (D:7)
  2 hounds
  A bullfrog skeleton (D:5)
  2 orc priests
  Jessica (D:3)
  Natasha (thrice) (D:2)
  4 orc wizards
  4 worker ants
  A hound zombie (D:9)
  5 gnolls
  7 adders
  A shadow imp (D:7)
  A worm (D:4)
  2 adder skeletons
  A dart slug (D:1)
  4 leopard geckos
  45 orcs
  4 giant cockroaches
  8 goblins
  4 hobgoblins
  11 jackals
  7 kobolds
  3 quokkas
  4 ball pythons
  6 bats
  4 frilled lizards
  A giant cockroach zombie (D:6)
  7 rats
188 creatures vanquished.

Vanquished Creatures (others)
  A bullfrog (D:8)
  A big kobold (D:8)
  A kobold (D:8)
3 creatures vanquished.

Grand Total: 191 creatures vanquished

Notes
Turn   | Place    | Note
-------+----------+-------------------------------------------
     0 | D:1      | Masnef the Felid Enchanter began the quest for the Orb.
     0 | D:1      | Reached XP level 1. HP: 7/7 MP: 4/4
   290 | D:1      | Reached skill level 2 in Unarmed Combat
   299 | D:1      | Reached XP level 2. HP: 2/11 MP: 6/6
   579 | D:1      | Learned a level 2 spell: Ensorcelled Hibernation
  1193 | D:2      | Reached XP level 3. HP: 14/14 MP: 0/7
  1415 | D:2      | You fall through a shaft!
  1490 | D:3      | Learned a level 3 spell: Confuse
  1765 | D:2      | Noticed Natasha
  1768 | D:2      | Killed Natasha
  1768 | D:2      | Reached skill level 5 in Hexes
  1768 | D:2      | Reached XP level 4. HP: 18/18 MP: 8/8
  1872 | D:2      | Noticed Natasha
  1882 | D:2      | Killed Natasha
  1882 | D:2      | Reached skill level 1 in Fighting
  1882 | D:2      | Reached skill level 5 in Stealth
  1882 | D:2      | Reached skill level 3 in Unarmed Combat
  2047 | D:2      | Noticed Natasha
  2059 | D:2      | Killed Natasha
  2218 | D:3      | Found a bloodstained altar of Trog.
  2342 | D:3      | Reached XP level 5. HP: 22/22 MP: 4/9
  2590 | D:3      | Found a faded altar of an unknown god.
  2685 | D:3      | Noticed Jessica
  2695 | D:3      | Killed Jessica
  3058 | D:3      | Found a transporter.
  3060 | D:3      | Noticed vuolankoinen's ghost (amateur DDFi)
  3060 | D:3      | Noticed an ogre
  3066 | D:3      | Found a transporter.
  3724 | D:3      | Killed vuolankoinen's ghost
  3724 | D:3      | Gained mutation: You are covered in thick fur. (AC +2)
                  | [Felid growth]
  3724 | D:3      | Reached XP level 6. HP: 12/25 MP: 2/10
  3898 | D:3      | Learned a level 3 spell: Dazzling Spray
  4622 | D:4      | Found a radiant altar of Vehumet.
  4626 | D:4      | Found an iron altar of Okawaru.
  4629 | D:4      | Reached skill level 4 in Unarmed Combat
  4630 | D:4      | Found a basalt altar of Yredelemnul.
  5438 | D:4      | Reached skill level 1 in Conjurations
  5502 | D:4      | Found a glowing silver altar of Zin.
  5512 | D:4      | Reached XP level 7. HP: 30/30 MP: 11/11
  5912 | D:5      | Entered Level 5 of the Dungeon
  5928 | D:5      | Reached skill level 5 in Unarmed Combat
  6166 | D:5      | Found the +8 demon blade "Leech" {vamp, rN+ AC-3 EV-3}
  6258 | D:5      | Reached skill level 5 in Dodging
  6276 | D:5      | Reached skill level 6 in Unarmed Combat
  6361 | D:3      | Reached XP level 8. HP: 34/34 MP: 8/13
  6511 | D:5      | Found an ancient bone altar of Kikubaaqudgha.
  6704 | D:5      | Found a deep blue altar of Sif Muna.
  6710 | D:5      | Became a worshipper of Sif Muna the Loreminder
  7047 | D:6      | HP: 1/34 [orc warrior/+0 glaive (25)]
  7048 | D:6      | Annihilated by an orc warrior
  7049 | D:6      | Reached XP level 7. HP: -28/31 MP: 9/12
  7121 | D:6      | Reached skill level 7 in Unarmed Combat
  7607 | D:6      | Reached XP level 8. HP: 35/35 MP: 10/13
  7686 | D:7      | Reached skill level 8 in Unarmed Combat
  8413 | D:7      | Learned a level 4 spell: Cause Fear
  8485 | D:7      | Reached skill level 9 in Unarmed Combat
  8553 | D:7      | Found a staircase to the Ecumenical Temple.
  8559 | Temple   | Entered the Ecumenical Temple
  8933 | D:8      | Found a hazy altar of Hepliaklqana.
  8988 | D:8      | Found a snail-covered altar of Cheibriados.
  9021 | D:8      | Noticed Maurice
  9030 | D:8      | Killed Maurice
  9030 | D:8      | Reached XP level 9. HP: 39/39 MP: 7/14
  9097 | D:8      | Noticed Pikel
  9419 | D:8      | Killed Pikel
  9419 | D:8      | Reached skill level 10 in Unarmed Combat
  9597 | D:8      | Noticed Joseph
  9616 | D:8      | Killed Joseph
  9616 | D:8      | Reached skill level 5 in Fighting
  9917 | D:8      | Found Feadghit's Armour Shop.
 10315 | D:9      | Slain by a yak
 10316 | D:9      | Reached XP level 8. HP: -1/37 MP: 3/13
 10426 | D:9      | Reached skill level 11 in Unarmed Combat
 10428 | D:9      | Reached XP level 9. HP: 36/40 MP: 9/14
 10590 | D:9      | Found a roughly hewn altar of Beogh.
 10635 | D:9      | Reached * piety under Sif Muna
 10728 | D:9      | You fall through a shaft for 3 floors!
 10781 | D:12     | Noticed a manticore
 10796 | D:12     | Killed a manticore
 11231 | D:11     | Noticed a cyan ugly thing
 11271 | D:11     | Slain by a cyan ugly thing

Skill      XL: |  1  2  3  4  5  6  7  8  9 |
---------------+----------------------------+-----
Unarmed Combat | 2 3 4 7 11 10 | 11.8
Dodging        | 3 4 5 8 7 |  8.7
Hexes          | 5 6 |  6.0
Fighting       | 1 2 3 4 5 |  5.5
Stealth        | 5 6 |  6.4
Conjurations   | 1 |  1.0
Spellcasting   | 3 |  3.0

Action                   |  1- 3 |  4- 6 |  7- 9 || total
-------------------------+-------+-------+-------++-------
Melee: Unarmed           |    79 |   117 |   260 ||   456
       Bite              |     6 |     8 |    22 ||    36
       Punch             |       |     1 |     8 ||     9
 Cast: Corona            |     1 |       |     2 ||     3
       Ensorcelled Hiber |     6 |    33 |    57 ||    96
       Confuse           |       |     5 |    15 ||    20
       Dazzling Spray    |       |     2 |    10 ||    12
Invok: Divine Energy     |       |       |     1 ||     1
  Use: Scroll            |     4 |     1 |     5 ||    10
 Stab: Sleeping          |    15 |    23 |    49 ||    87
       Distracted        |     1 |       |     1 ||     2
       Confused          |       |     2 |     8 ||    10
       Invisible         |       |       |     3 ||     3
  Eat: Chunk             |     7 |    13 |    24 ||    44
Armor: Skin              |     3 |     2 |     9 ||    14
Dodge: Dodged            |    81 |   108 |   215 ||   404
